[Event "*** MasterClass Titled Tuesday Blitz"]
[Site "Chess.com"]
[Date "2017.08.01"]
[Round "6"]
[White "joppie2"]
[Black "Aygehovit1992"]
[Result "1-0"]
[WhiteElo "2616"]
[BlackElo "2466"]
[TimeControl "180+2"]
[EndTime "14:16:15 PDT"]
[Termination "joppie2 won by resignation"]

1. e4 c5 2. Nf3 d6 3. d4 cxd4 4. Nxd4 Nf6 5. Nc3 g6 6. Be3 Bg7 7. f3 a6 8. Qd2 Nbd7 9. Bh6 Bxh6 10. Qxh6 b5 11. Nd5 Bb7 12. Nxf6+ Nxf6 13. O-O-O Rc8 14. Kb1 Qc7 15. Bd3 Qb6 16. g4 b4 17. h4 Nd7 18.
Qg7 Rf8 19. h5 Ne5 20. hxg6 hxg6 21. Be2 Kd7 22. Rhe1 Rh8 23. Nf5 gxf5 24. Qxe5 fxe4 25. fxe4 Qc5 26. Qf4 Qxc2+ 27. Ka1 f6 28. g5 Qc7 29. Bg4+ Kc6 30. Bxc8 Rxc8 31. Rc1+ 1-0

[Event "*** MasterClass Titled Tuesday Blitz"]
[Site "Chess.com"]
[Date "2017.08.01"]
[Round "6"]
[White "ChessNinja48"]
[Black "GM_dmitrij"]
[Result "0-1"]
[WhiteElo "2288"]
[BlackElo "2478"]
[TimeControl "180+2"]
[EndTime "14:16:18 PDT"]
[Termination "GM_dmitrij won by resignation"]

1. Nf3 Nf6 2. d4 d5 3. c4 e6 4. Nc3 Bb4 5. Bg5 dxc4 6. e3 b5 7. a4 c6 8. Be2 Bb7 9. O-O a6 10.
e4 h6 11. Bh4 g5 12. Bg3 Bxc3 13.
bxc3 Nxe4 14. Qc2 Nxg3 15. fxg3 Nd7 16. Nd2 c5 17. Bh5 Nf6 18. Bf3 Bxf3 19. Nxf3 O-O 20.
dxc5 Qd3 21. Qxd3 cxd3 22. Rfd1 Ne4 23. axb5 axb5 24. Rxa8 Rxa8 25. Ne5 d2 26. Kf1 Nxc3 27. Rxd2 Ra1+ 28. Kf2 Ne4+ 29. Ke3 Nxd2 30. Kxd2 Kf8 31. c6 Ra8 32. Nd7+ Ke7 33. Nb6 Rd8+ 0-1

[Event "*** MasterClass Titled Tuesday Blitz"]
[Site "Chess.com"]
[Date "2017.08.01"]
[Round "6"]
[White "Cryptochess"]
[Black "rubhani"]
[Result "1-0"]
[WhiteElo "2472"]
[BlackElo "2384"]
[TimeControl "180+2"]
[EndTime "14:16:23 PDT"]
[Termination "Cryptochess won by resignation"]

1. e4 c5 2. Nc3 d6 3. g3 g6 4. Bg2 Bg7 5. d3 Nc6 6. Be3 e6 7. Qd2 Nd4 8. Nge2 Ne7 9. O-O O-O 10. Bh6 Bxh6 11. Qxh6 Nxc2 12. Rac1 Nd4 13. Nxd4 cxd4 14.
Nb5 e5 15. f4 Bg4 16. f5 f6 17. Nc7 Rf7 18. Nxa8 Qxa8 19. fxg6 hxg6 20. Rc7 Be2 21. Rxf6 1-0

[Event "*** MasterClass Titled Tuesday Blitz"]
[Site "Chess.com"]
[Date "2017.08.01"]
[Round "6"]
[White "Spartakus1975"]
[Black "1lec"]
[Result "1/2-1/2"]
[WhiteElo "2532"]
[BlackElo "2061"]
[TimeControl "180+2"]
[EndTime "14:16:34 PDT"]
[Termination "Game drawn by repetition"]

1. e4 c5 2. c3 d5 3. exd5 Qxd5 4.
d4 Nc6 5. Nf3 Bf5 6. Be3 e6 7.
Nbd2 cxd4 8. Bc4 dxe3 9. Bxd5 exd2+ 10. Qxd2 exd5 11. Qxd5 Be6 12. Qb5 O-O-O 13. O-O Nf6 14. Rad1 a6 15. Rxd8+ Nxd8 16. Qb6 Nc6 17. Ng5 Bc4 18.
Rd1 Nd5 19. Rxd5 Bxd5 20. b3 f6 21. Nh3 Bd6 22. c4 Be6 23. Qe3 Re8 24. Qd3 Bxc4 25. Qf5+ Kc7 26. g3 Bg8 27. Nf4 Bxf4 28. Qxf4+ Ne5 29.
Qc1+ Kb8 30. Kg2 Bd5+ 31. Kh3 Be6+ 32. Kg2 Rc8 33. Qa3 Bd5+ 34. Kh3 Be6+ 35. Kg2 Bd5+ 36. Kh3 Be6+ 37. Kg2 Bd5+ 1/2-1/2

[Event "*** MasterClass Titled Tuesday Blitz"]
[Site "Chess.com"]
[Date "2017.08.01"]
[Round "6"]
[White "pedromartinez91"]
[Black "Rbrrt"]
[Result "1-0"]
[WhiteElo "2350"]
[BlackElo "2314"]
[TimeControl "180+2"]
[EndTime "14:16:35 PDT"]
[Termination "pedromartinez91 won by resignation"]

1. e4 c5 2. Nf3 Nc6 3. Bb5 g6 4. O-O Bg7 5. Bxc6 bxc6 6. d3 e5 7. Nbd2 d6 8. a3 a5 9. Nc4 Ne7 10. Bd2 d5 11. Ne3 O-O 12. c4 d4 13. Nc2 Rb8 14. b4 axb4 15. axb4 cxb4 16. Nxb4 c5 17. Nd5 Nc6 18. Qe2 f6 19. Rfb1 Rf7 20. Rxb8 Nxb8 21.
Ba5 Qd6 22. Nd2 Nc6 23. Bb6 Bb7 24. Nb3 1-0

[Event "*** MasterClass Titled Tuesday Blitz"]
[Site "Chess.com"]
[Date "2017.08.01"]
[Round "6"]
[White "Cocovitsch007"]
[Black "Me_ch_an"]
[Result "0-1"]
[WhiteElo "2217"]
[BlackElo "2389"]
[TimeControl "180+2"]
[EndTime "14:16:38 PDT"]
[Termination "Me_ch_an won by checkmate"]

1. Nf3 d5 2. e3 c5 3. b3 Nf6 4. Bb2 Nc6 5. Bb5 Bg4 6. h3 Bh5 7. Bxc6+ bxc6 8. g4 Bg6 9. Ne5 Qc7 10. d3 e6 11. f4 Bd6 12. Nd2 a5 13. a4 Rd8 14.
Qe2 Rb8 15. O-O O-O 16. Ndf3 Nd7 17. Nxd7 Qxd7 18. Ne5 Qc7 19. h4 f6 20. Nxg6 hxg6 21. h5 Kf7 22. hxg6+ Ke7 23. Kg2 e5 24. f5 Rh8 25.
Rh1 e4 26. dxe4 Be5 27. Ba3 Bxa1 28. Bxc5+ Kd7 29. exd5 cxd5 30. Qa6 Qxc5 31. Qe6+ Kc7 32. Rd1 Qxc2+ 33. Kg3 Be5+ 34. Kf3 Rh3# 0-1

[Event "*** MasterClass Titled Tuesday Blitz"]
[Site "Chess.com"]
[Date "2017.08.01"]
[Round "6"]
[White "matej2221"]
[Black "AndrewDGreen"]
[Result "1-0"]
[WhiteElo "2265"]
[BlackElo "2154"]
[TimeControl "180+2"]
[EndTime "14:16:48 PDT"]
[Termination "matej2221 won by resignation"]

1. e4 Nf6 2. d3 e5 3. Nd2 d5 4.
Ngf3 Nc6 5. Be2 Be7 6. O-O O-O 7. c3 a5 8. b3 d4 9. Bb2 dxc3 10. Bxc3 Nd7 11.
Nc4 f6 12. d4 exd4 13. Nxd4 Nxd4 14. Qxd4 Nc5 15. Bf3 Qxd4 16. Bxd4 Be6 17. Rfd1 Rad8 18. Nxa5 Rb8 19. Rac1 Na6 20. e5 fxe5 21. Bxe5 Nb4 22. Rxc7 Bf6 23. Bxf6 Rxf6 24. a3 Nc6 25. Rxb7 Rxb7 26.
Nxb7 Bxb3 27. Bd5+ Bxd5 28. Rxd5 Re6 29. Rd1 Re2 30.
Ra1 Ne5 31. Nc5 Ng4 32. a4 Nxf2 33. a5 1-0

[Event "*** MasterClass Titled Tuesday Blitz"]
[Site "Chess.com"]
[Date "2017.08.01"]
[Round "6"]
[White "Rodalquilar"]
[Black "hermionegrangermagic"]
[Result "1-0"]
[WhiteElo "2541"]
[BlackElo "2360"]
[TimeControl "180+2"]
[EndTime "14:16:49 PDT"]
[Termination "Rodalquilar won by resignation"]

1. d4 d5 2. Bf4 Nf6 3. e3 c5 4. Nf3 Nc6 5. Nbd2 Bf5 6. dxc5 e6 7. Nd4 Bg6 8. Bb5 Qc8 9. b4 Nd7 10. Nxc6 bxc6 11. Bd3 e5 12. Bg3 e4 13. Be2 Be7 14. Nb3 a5 15. a3 Qb7 16. c3 axb4 17. axb4 Rxa1 18. Qxa1 O-O 19. O-O Bf6 20. Nd4 h5 21. Qa6 Qxa6 22. Bxa6 h4 23. Bd6 Bxd4 24. cxd4 Re8 25.
Bb7 Nb8 26. Ra1 Rd8 27. Ra8 1-0

[Event "*** MasterClass Titled Tuesday Blitz"]
[Site "Chess.com"]
[Date "2017.08.01"]
[Round "6"]
[White "FMVolodymyrSakun"]
[Black "Witik"]
[Result "1-0"]
[WhiteElo "2544"]
[BlackElo "2582"]
[TimeControl "180+2"]
[EndTime "14:16:56 PDT"]
[Termination "FMVolodymyrSakun won by resignation"]

1. e4 c6 2. d4 d5 3. e5 Bf5 4.
Nf3 e6 5. Be2 c5 6. O-O Nc6 7.
dxc5 Bxc5 8. a3 a6 9. b4 Ba7 10. Bb2 Nge7 11. Nbd2 Bg6 12. c4 O-O 13. c5 Rc8 14.
Rc1 Bb8 15. Re1 f6 16. exf6 gxf6 17. Bf1 e5 18. Nh4 Rf7 19. Qg4 f5 20. Qg5 Qf8 21. Ndf3 d4 22. Bc4 Kh8 23. Bxf7 Qxf7 24. a4 Rg8 25. b5 axb5 26. axb5 Bh5 27. Qh6 Bxf3 28. Nxf3 Rg6 29. Qh3 Nd5 30. Nh4 Nf4 31. Nxg6+ Qxg6 32. Qg3 Ne7 33. Qxg6 hxg6 34. Bxd4 Nd3 35. Bc3 Nxe1 36. Rxe1 1-0

[Event "*** MasterClass Titled Tuesday Blitz"]
[Site "Chess.com"]
[Date "2017.08.01"]
[Round "6"]
[White "nekochabo"]
[Black "michaelq2d5"]
[Result "1-0"]
[WhiteElo "2598"]
[BlackElo "2592"]
[TimeControl "180+2"]
[EndTime "14:17:06 PDT"]
[Termination "nekochabo won by resignation"]

1. Nf3 Nf6 2. g3 d5 3. Bg2 Bf5 4. O-O e6 5. c4 c6 6. cxd5 exd5 7.
d3 Be7 8. Qb3 Qb6 9. Qc2 O-O 10.
Nc3 d4 11. Na4 Qd8 12. Nc5 b6 13. Nb3 Bd7 14. Nbxd4 Bd6 15. e4 c5 16. Ne2 Be7 17.
d4 Bb5 18. e5 Nd5 19. Rd1 c4 20. a3 Nc6 21. Nf4 g6 22. Be3 Rc8 23. Nxd5 Qxd5 24. Ng5 Qd8 25. Ne4 Ba6 26. h4 Bb7 27. d5 Nxe5 28.
d6 Bxe4 29. dxe7 Bxc2 30. exd8=Q Rfxd8 31. Rd4 Bd3 32. Re1 Nc6 33. Bxc6 1-0

[Event "*** MasterClass Titled Tuesday Blitz"]
[Site "Chess.com"]
[Date "2017.08.01"]
[Round "6"]
[White "Sharafiev_Azat"]
[Black "djano"]
[Result "1-0"]
[WhiteElo "2277"]
[BlackElo "2299"]
[TimeControl "180+2"]
[EndTime "14:17:06 PDT"]
[Termination "Sharafiev_Azat won by resignation"]

1. Nf3 e6 2. c4 d5 3. g3 Nf6 4.
Bg2 Be7 5. O-O O-O 6. b3 a5 7. Bb2 a4 8. bxa4 dxc4 9. Na3 Bd7 10. Nxc4 Bxa4 11. Qc1 Nbd7 12. Nfe5 Nd5 13. d4 Bf6 14.
Nd3 Bb5 15. Rd1 Ra4 16. Ne3 N7b6 17. Nxd5 exd5 18. Nc5 Ra7 19. e3 Nc4 20. a4 Be8 21.
Ba3 b6 22. Nd3 Nxa3 23. Rxa3 Be7 24. Ra1 Rxa4 25. Qc3 Rxa1 26. Rxa1 c6 27. Ne5 Qc7 28. Bxd5 c5 29. Ra8 Bd6 30. Rxe8 Rxe8 31. Bxf7+ Qxf7 32. Nxf7 Kxf7 33. Qc4+ Ke7 34. Qb5 cxd4 35. Qxb6 dxe3 36.
Qxe3+ Kf8 37. Qd3 Bc5 38. Qf5+ 1-0

[Event "*** MasterClass Titled Tuesday Blitz"]
[Site "Chess.com"]
[Date "2017.08.01"]
[Round "6"]
[White "Bad4life"]
[Black "livestrong04"]
[Result "0-1"]
[WhiteElo "2163"]
[BlackElo "2371"]
[TimeControl "180+2"]
[EndTime "14:17:11 PDT"]
[Termination "livestrong04 won by checkmate"]

1. e4 c5 2. Nf3 e6 3. b3 Nc6 4. Bb2 Nf6 5. e5 Nd5 6. c4 Nc7 7. g3 Be7 8. Bg2 O-O 9. O-O b5 10. d4 bxc4 11. bxc4 Rb8 12. Bc3 cxd4 13. Nxd4 Nxe5 14.
Nxe6 fxe6 15. Bxe5 Bf6 16. Bxf6 Qxf6 17. Nd2 Ba6 18.
Ne4 Qe7 19. Rc1 Rb2 20. Qa4 d5 21. cxd5 exd5 22. Qd4 Bxf1 23. Qxb2 Bxg2 24. Nc5 Bh3 25. Qd4 Qf7 26. Nd3 Re8 27. Nf4 Ne6 28. Qxd5 Nxf4 29. Qxf7+ Kxf7 30. gxf4 Re2 31. Ra1 Kf6 32. f3 Kf5 33. a4 Kxf4 34. a5 g5 35. a6 Kxf3 36. Ra3+ Kg4 37. Rg3+ Kh4 38. Rb3 h5 39. Rb7 g4 40. Rxa7 g3 41. hxg3+ Kxg3 42. Rg7+ Bg4 43. Kf1 Ra2 44. a7 Ra1# 0-1

[Event "*** MasterClass Titled Tuesday Blitz"]
[Site "Chess.com"]
[Date "2017.08.01"]
[Round "6"]
[White "GasconJR"]
[Black "beastfromweast"]
[Result "0-1"]
[WhiteElo "2335"]
[BlackElo "2300"]
[TimeControl "180+2"]
[EndTime "14:17:18 PDT"]
[Termination "beastfromweast won by resignation"]

1. e4 c5 2. Nf3 d6 3. d4 cxd4 4. Nxd4 Nf6 5. Nc3 a6 6. Nb3 e6 7. g4 b5 8. g5 Nfd7 9. Bg2 Bb7 10. a3 Be7 11. f4 Qb6 12. Qe2 Nc6 13. Be3 Qc7 14.
O-O O-O 15. Rf3 Rfe8 16. Rh3 g6 17. Rf1 Bf8 18. f5 exf5 19. Nd5 Qd8 20. Qf2 Nce5 21. Bb6 Qxg5 22. Nc7 Bxe4 23. Nxa8 Rxa8 24. Be3 Qe7 25. Nd4 Ng4 26. Qg3 Bxg2 27. Qxg2 Re8 28. Bd2 Bg7 29. c3 Bxd4+ 30. cxd4 Ndf6 31. Rc3 Ne4 32. Rc6 Qa7 33. Bc3 Qb7 34. d5 Qa7+ 35. Kh1 Nef2+ 36. Kg1 Nh3+ 37. Kh1 Ngf2+ 38. Rxf2 Nxf2+ 39. Kg1 Ne4+ 40. Kh1 Nxc3 0-1

[Event "*** MasterClass Titled Tuesday Blitz"]
[Site "Chess.com"]
[Date "2017.08.01"]
[Round "6"]
[White "MITerryble"]
[Black "attack2mateU"]
[Result "1-0"]
[WhiteElo "2690"]
[BlackElo "2514"]
[TimeControl "180+2"]
[EndTime "14:17:21 PDT"]
[Termination "MITerryble won by resignation"]

1. d4 Nf6 2. Nf3 e6 3. c4 b6 4. g3 Ba6 5. Qa4 c5 6. Bg2 Bb7 7. dxc5 bxc5 8. O-O Be7 9. Rd1 O-O 10. Nc3 Ne4 11.
Nxe4 Bxe4 12. Bf4 Bc6 13. Qc2 d6 14. Rd2 Qc7 15. Rad1 e5 16. Bg5 f6 17. Be3 Nd7 18.
Nh4 Bxg2 19. Kxg2 g6 20. Bh6 f5 21. Bxf8 Bxf8 22. Nf3 Nf6 23. Qa4 Rb8 24. Rc2 e4 25. Ng5 Qe7 26. Nh3 Nh5 27. Qc6 Rb6 28. Qa8 Kg7 29.
Qd5 h6 30. b3 Nf6 31. Qd2 g5 32. f3 e3 33. Qd3 Qe6 34. Rc3 Ra6 35. a4 Rb6 36.
Qxe3 Qxe3 37. Rxe3 Kf7 38. Nf2 Nd7 39. Rc3 Ne5 40. e4 f4 41. gxf4 gxf4 42. Nd3 Ng6 43. a5 Ra6 44. Rcc1 Rxa5 45. Ra1 Rxa1 46. Rxa1 1-0

[Event "*** MasterClass Titled Tuesday Blitz"]
[Site "Chess.com"]
[Date "2017.08.01"]
[Round "6"]
[White "dmjjmd"]
[Black "AlexanderKing"]
[Result "0-1"]
[WhiteElo "2144"]
[BlackElo "2431"]
[TimeControl "180+2"]
[EndTime "14:17:36 PDT"]
[Termination "AlexanderKing won by resignation"]

1. e4 e5 2. Nf3 Nc6 3. Bc4 Nf6 4.
d3 Be7 5. c3 O-O 6. O-O d6 7.
Bb3 Na5 8. Bc2 c5 9. Re1 Nc6 10. Nbd2 Re8 11. Nf1 h6 12. Ng3 Bf8 13. Be3 d5 14. a4 d4 15. Bd2 Be6 16. Rb1 Qd7 17.
cxd4 cxd4 18. Bb3 Rac8 19. Bxe6 Qxe6 20. Nf5 Kh7 21. b4 g6 22. Ng3 b6 23. b5 Nd8 24.
Rc1 Nb7 25. h3 Nc5 26. Qe2 Qb3 27. Rxc5 Rxc5 28. Nh2 Rc2 29. Qf3 Qe6 30. Rd1 Rec8 31. Ng4 Nxg4 32. hxg4 Be7 33. Kh2 Bg5 34. Bxg5 hxg5 35.
Rh1 Kg7 36. Nf5+ 0-1

[Event "*** MasterClass Titled Tuesday Blitz"]
[Site "Chess.com"]
[Date "2017.08.01"]
[Round "6"]
[White "Muracle"]
[Black "nutibara"]
[Result "1-0"]
[WhiteElo "2431"]
[BlackElo "2248"]
[TimeControl "180+2"]
[EndTime "14:17:44 PDT"]
[Termination "Muracle won on time"]

1. Nf3 d5 2. g3 c5 3. Bg2 Nc6 4. d4 Nf6 5. O-O Bg4 6. Ne5 cxd4 7. Nxg4 Nxg4 8. e3 Nf6 9. exd4 e6 10. c3 Bd6 11. Nd2 O-O 12. Nf3 Qc7 13. Ne1 Rab8 14. Nd3 Na5 15. Qe2 Nc4 16. Bf4 Bxf4 17. Nxf4 Rfc8 18. Nd3 Nd7 19. f4 g6 20. g4 Re8 21. h4 Nd6 22. h5 f5 23. gxf5 gxf5 24.
Kh1 Kh8 25. Rg1 Nf6 26. Ne5 Nde4 27. Bxe4 Nxe4 28. Qh2 Re7 29. h6 Rg8 30. Rxg8+ Kxg8 31. Rg1+ Kh8 32. Qg2 Qd8 33. Qh2 Qf8 34. Qh4 Nf6 35. Rg2 Rc7 36. Rg6 Ng4 37. Rxe6 b5 38. Nxg4 fxg4 39.
Qg5 1-0

[Event "*** MasterClass Titled Tuesday Blitz"]
[Site "Chess.com"]
[Date "2017.08.01"]
[Round "6"]
[White "silverback96"]
[Black "Grootneus"]
[Result "1/2-1/2"]
[WhiteElo "2123"]
[BlackElo "2054"]
[TimeControl "180+2"]
[EndTime "14:17:45 PDT"]
[Termination "Game drawn by repetition"]

1. Nf3 c5 2. b3 Nc6 3. Bb2 d6 4. e3 Nf6 5. Bb5 g6 6. Bxf6 exf6 7. d4 Qa5+ 8. Qd2 Qxb5 9. Nc3 Qa5 10. O-O Bg7 11.
d5 Ne5 12. b4 Qxb4 13. Rab1 Nxf3+ 14. gxf3 Qa5 15. Qd3 Bf5 16. e4 Bd7 17. Rxb7 Bc8 18. Rb5 Qc7 19. Rb2 O-O 20. Nb5 Qd8 21. c4 f5 22. Nc3 Qf6 23. Rb3 Qd4 24. Qe2 fxe4 25.
Nxe4 Bh3 26. Rd1 Qe5 27. Re3 Bh6 28. f4 Bxf4 29. Rxh3 f5 30. Rb1 Qxe4 31. Qd1 Rab8 32. Rxb8 Rxb8 33. Rb3 Rxb3 34. Qxb3 Kg7 35. Qb7+ Kh6 36.
Qb3 Qe1+ 37. Kg2 Qe4+ 38. Kg1 Qe1+ 39. Kg2 Qe4+ 40. Kg1 1/2-1/2

[Event "*** MasterClass Titled Tuesday Blitz"]
[Site "Chess.com"]
[Date "2017.08.01"]
[Round "6"]
[White "kleinebeer98"]
[Black "Vrolijk"]
[Result "0-1"]
[WhiteElo "2447"]
[BlackElo "2507"]
[TimeControl "180+2"]
[EndTime "14:17:46 PDT"]
[Termination "Vrolijk won by resignation"]

1. e4 Nf6 2. Nc3 d5 3. exd5 Nxd5 4. Qf3 Nxc3 5. Bc4 e6 6. bxc3 Bd6 7. d4 O-O 8. Bd3 e5 9. Ne2 Nc6 10. O-O f5 11. Qh3 Kh8 12. dxe5 Nxe5 13. Nf4 g5 14. Nd5 Be6 15. c4 Nxd3 16. cxd3 Be5 17.
Ba3 Bxd5 18. cxd5 Bxa1 19. Rxa1 Rf7 20. Qh6 Kg8 21. Bb2 Qe7 22. h3 Rd8 23. Rc1 Rd6 24. Qh5 Rxd5 25. Kh2 c6 26. Bc3 Rxd3 27. Re1 Qc7+ 28.
Be5 Qd8 29. Ba1 Rd6 30. Qe2 Rg6 31. Qb2 Qf6 32. Re8+ Rf8 33. Qb3+ Qf7 34. Qc3 Qxe8 35. Qh8+ Kf7 36. Qxh7+ Ke6 37. Qxb7 Qb8+ 0-1

[Event "*** MasterClass Titled Tuesday Blitz"]
[Site "Chess.com"]
[Date "2017.08.01"]
[Round "6"]
[White "TregubovP"]
[Black "igorkovalenko"]
[Result "0-1"]
[WhiteElo "2510"]
[BlackElo "2670"]
[TimeControl "180+2"]
[EndTime "14:17:47 PDT"]
[Termination "igorkovalenko won on time"]

1. d4 d5 2. c4 e6 3. Nc3 c6 4. e4 dxe4 5. Nxe4 Bb4+ 6. Nc3 e5 7. dxe5 Qxd1+ 8. Kxd1 Bf5 9. Bd2 Nd7 10. a3 Bc5 11. f4 O-O-O 12. Nf3 Nh6 13. h3 f6 14.
g4 fxe5 15. gxf5 Nxf5 16. Bd3 Ng3 17. Re1 Bf2 18. Kc2 Bxe1 19. Rxe1 Nc5 20. Nxe5 Nxd3 21. Nxd3 Nf5 22. Ne5 Rhe8 23. Bc1 Re6 24. Ne4 Rde8 25.
Ng5 Rh6 26. Rd1 Rh5 27. Ne4 Rxh3 28. Nd6+ Nxd6 29. Rxd6 g5 30. Rf6 h5 31. Nf7 Re2+ 32.
Kd1 Rg2 33. Bd2 Rh1+ 34. Be1 g4 35. Nd6+ Kd7 36. c5 Rgg1 37. Rf7+ Ke6 38. f5+ Kd5 39. Re7 g3 0-1

[Event "*** MasterClass Titled Tuesday Blitz"]
[Site "Chess.com"]
[Date "2017.08.01"]
[Round "6"]
[White "Gordima"]
[Black "Fisher-Human"]
[Result "0-1"]
[WhiteElo "2597"]
[BlackElo "2466"]
[TimeControl "180+2"]
[EndTime "14:17:50 PDT"]
[Termination "Fisher-Human won on time"]

1. c4 Nf6 2. g3 d5 3. cxd5 Nxd5 4.
Bg2 g6 5. Nc3 Nb6 6. d3 Bg7 7.
Be3 Nc6 8. Bxc6+ bxc6 9. Nf3 O-O 10. O-O Nd5 11. Rc1 Bh3 12. Re1 Rb8 13. Qd2 Nxe3 14.
fxe3 Be6 15. b3 f5 16. Na4 Qd6 17. Nc5 Bf7 18. d4 Bd5 19. Nd3 g5 20. Nxg5 e5 21. Nxe5 Bxe5 22. dxe5 Qxe5 23. Qd4 Qe7 24. Nf3 Rfe8 25. Kf2 Rb4 26. Qxa7 Re4 27. Qc5 Qf7 28. Rc3 R4e6 29. Qd4 Re4 30. Qd2 Qh5 31. Rg1 Qh3 32.
Rd3 R4e6 33. Rxd5 cxd5 34. Qxd5 Qh6 35. Nd4 c6 36. Qf3 Rxe3 37. Qxc6 Rxe2+ 38. Nxe2 Qxc6 0-1

[Event "*** MasterClass Titled Tuesday Blitz"]
[Site "Chess.com"]
[Date "2017.08.01"]
[Round "6"]
[White "abubakrtagelsir"]
[Black "Malev212"]
[Result "0-1"]
[WhiteElo "2293"]
[BlackElo "2478"]
[TimeControl "180+2"]
[EndTime "14:17:58 PDT"]
[Termination "Malev212 won by resignation"]

1. e4 a6 2. d4 b5 3. Bd3 e6 4.
Nf3 c5 5. c3 Bb7 6. O-O Nf6 7. Re1 Be7 8. a4 cxd4 9. cxd4 bxa4 10. Nc3 Nc6 11. d5 Nb4 12. d6 Bf8 13. Bb1 Rc8 14. Rxa4 a5 15. e5 Nfd5 16. Nxd5 Nxd5 17. Bg5 Qb6 18. Be4 h6 19. Bc1 g5 20. Rd4 g4 21. Nh4 Rxc1 22. Qxc1 Qxd4 23. Bxd5 Qxd5 24. Qc7 Bxd6 25. exd6 O-O 26. Qc1 Qg5 27. Qc7 Bc6 28. g3 Qd5 29. f3 Qd4+ 30. Kf1 gxf3 31. Qxa5 Ra8 32. Qc3 Qxc3 33. bxc3 Ra2 34. Nxf3 Bxf3 35.
Re3 Bc6 36. c4 Rxh2 37. c5 Rc2 38. Re5 f5 0-1

[Event "*** MasterClass Titled Tuesday Blitz"]
[Site "Chess.com"]
[Date "2017.08.01"]
[Round "6"]
[White "guilty93"]
[Black "matein28"]
[Result "1/2-1/2"]
[WhiteElo "2386"]
[BlackElo "2380"]
[TimeControl "180+2"]
[EndTime "14:18:01 PDT"]
[Termination "Game drawn by agreement"]

1. e4 d5 2. exd5 Qxd5 3. Nc3 Qd6 4. d4 Nf6 5. Nf3 c6 6. h3 Bf5 7.
Ne5 Nbd7 8. Bf4 Nd5 9. Nxd5 Qxd5 10. Nxd7 Qxd7 11. Bc4 e6 12. Qe2 Qxd4 13. Be3 Qxb2 14.
O-O Qxc2 15. Bd2 Qe4 16. Be3 Qc2 17. Bd2 Bc5 18. Rfe1 O-O 19. Rac1 Qa4 20. Bb3 Qa3 21. Rc4 Be7 22. Bc3 Rad8 23. Ra4 Qd6 24. Rxa7 Qc7 25. Ba5 Qb8 26. Bxd8 Bxd8 27. Ra4 Bf6 28. Bc2 Bxc2 29.
Qxc2 Rc8 30. Rb1 b5 31. Rab4 Be7 32. R4b3 Qa8 33. Rc3 b4 34. Rc4 c5 35. Rb3 Rd8 36.
h4 Qd5 37. g3 Qe5 38. Kg2 g6 39. a3 Qe1 40. Re3 Qa1 41. axb4 cxb4 42. Rc8 Qd4 43. Rxd8+ Qxd8 44. Qc4 Qa8+ 45. Kh2 Qb7 46. Rd3 h5 47. Kg1 Bf6 48. Rb3 Be7 49. Rd3 Bf6 50. Rb3 Be7 1/2-1/2

[Event "*** MasterClass Titled Tuesday Blitz"]
[Site "Chess.com"]
[Date "2017.08.01"]
[Round "6"]
[White "swayamsm"]
[Black "SipkeErnst"]
[Result "0-1"]
[WhiteElo "2441"]
[BlackElo "2534"]
[TimeControl "180+2"]
[EndTime "14:18:24 PDT"]
[Termination "SipkeErnst won by resignation"]

1. d4 d5 2. c4 c6 3. f3 e5 4. dxe5 Qh4+ 5. g3 Qxc4 6. Nc3 Qc5 7. e3 Be6 8. Nge2 Nd7 9. Bg2 Nxe5 10. O-O Nc4 11. Nd4 Nf6 12. Kh1 Be7 13. e4 dxe4 14.
Nxe6 fxe6 15. fxe4 O-O 16. Qe2 Bd6 17. b3 Ne5 18.
Na4 Qb5 19. Qxb5 cxb5 20. Nc3 a6 21. Bf4 Rad8 22. Rad1 Bb8 23. Bh3 Kf7 24. Bg2 h6 25. h4 Ke7 26. Be3 Rc8 27. Ne2 Nfg4 28. Bf4 Ba7 29. Rd2 Be3 30. Bxe3 Rxf1+ 31. Bxf1 Nxe3 32. Bg2 Rc2 33. Rxc2 Nxc2 34. Kg1 Nb4 35. Nc3 Ned3 36. Bf1 Nc1 37. a3 Nc2 38. a4 b4 39. Na2 Nxa2 0-1

[Event "*** MasterClass Titled Tuesday Blitz"]
[Site "Chess.com"]
[Date "2017.08.01"]
[Round "6"]
[White "maciek_92"]
[Black "Tesla37"]
[Result "1-0"]
[WhiteElo "2534"]
[BlackElo "2649"]
[TimeControl "180+2"]
[EndTime "14:18:25 PDT"]
[Termination "maciek_92 won by resignation"]

1. c4 e5 2. Nc3 Nc6 3. g3 Bc5 4. Bg2 Nf6 5. e3 O-O 6. Nge2 a6 7. O-O Ba7 8. d4 d6 9. h3 h6 10. Kh2 Bf5 11. d5 Ne7 12. b4 Nd7 13. f4 Bh7 14. g4 exf4 15. exf4 h5 16. Ng3 hxg4 17. hxg4 Re8 18. Bb2 Ng6 19. g5 Nh4 20. Qg4 Nxg2 21. Kxg2 Nf8 22. f5 Qd7 23. Nce4 Qa4 24. c5 dxc5 25. bxc5 Qb5 26. Rab1 Qd3 27. Rbd1 Qb5 28. Rb1 Qd3 29. Rbd1 Qb5 30. Bd4 Rad8 31. Nh5 Rxe4 32.
Qxe4 Bxc5 33. Bxg7 Nd7 34. Bf6 Rf8 35. g6 fxg6 36.
fxg6 Nxf6 37. Nxf6+ Rxf6 38. gxh7+ Kh8 39. Qe5 Bd4 40.
Qxd4 Qe2+ 41. Rf2 1-0

[Event "*** MasterClass Titled Tuesday Blitz"]
[Site "Chess.com"]
[Date "2017.08.01"]
[Round "6"]
[White "Rsnr"]
[Black "ehrenfeld"]
[Result "1/2-1/2"]
[WhiteElo "2505"]
[BlackElo "2402"]
[TimeControl "180+2"]
[EndTime "14:18:29 PDT"]
[Termination "Game drawn by repetition"]

1. d4 Nf6 2. c4 e6 3. Nf3 Bb4+ 4. Nbd2 d6 5. a3 Bxd2+ 6. Qxd2 Nbd7 7. e3 O-O 8. Be2 e5 9. O-O Re8 10. Qc2 e4 11. Nd2 d5 12. b4 c6 13. b5 Nf8 14.
a4 Bg4 15. Bxg4 Nxg4 16. h3 Nf6 17. Ba3 Ng6 18. Nb3 Nh4 19. Nc5 Qc8 20. Qe2 b6 21. Na6 dxc4 22. Qxc4 cxb5 23. Qxc8 Raxc8 24. axb5 Nf5 25. Rfc1 h5 26. Nb4 Kh7 27. Nc6 Rc7 28. Bb4 Nd5 29. Bd2 Rec8 30. Nxa7 Rxc1+ 31. Rxc1 Rxc1+ 32. Bxc1 Nd6 33. f3 f5 34. Kf2 h4 35. g3 hxg3+ 36.
Kxg3 g5 37. h4 gxh4+ 38. Kxh4 exf3 39. Kg3 Kg6 40. Kxf3 Kf6 41. Bd2 Ke6 42. Be1 Nc7 43. Ke2 Ncxb5 44. Nxb5 Nxb5 45. Bh4 Nd6 46. Kd3 Kd5 47.
Be7 Ne4 48. Bb4 b5 49. Bf8 Nf6 50. Be7 Ne4 51. Bf8 Nf6 52. Be7 Ne4 53. Bf8 Nf6 1/2-1/2

[Event "*** MasterClass Titled Tuesday Blitz"]
[Site "Chess.com"]
[Date "2017.08.01"]
[Round "6"]
[White "biostatistician"]
[Black "Saitama_Hero"]
[Result "1-0"]
[WhiteElo "2457"]
[BlackElo "2221"]
[TimeControl "180+2"]
[EndTime "14:18:30 PDT"]
[Termination "biostatistician won by resignation"]

1. d4 d6 2. Nf3 f5 3. g3 Nf6 4. Bg2 g6 5. O-O Bg7 6. b4 O-O 7. Bb2 d5 8. Nbd2 e6 9. c4 Nc6 10. b5 Ne7 11. Rc1 h6 12. Ne5 g5 13. Qc2 c6 14. bxc6 Nxc6 15. cxd5 Nxe5 16. dxe5 Nxd5 17. Nc4 f4 18. Nd6 Bd7 19. Nxb7 Qb6 20. Nc5 Bb5 21. a4 Be8 22. Rfd1 fxg3 23. hxg3 Rc8 24. Bd4 Qa5 25.
Qa2 Nb4 26. Qxe6+ Bf7 27. Qg4 Na2 28. Rc2 Nb4 29. Rb2 Rxc5 30. Bxc5 Qxc5 31. Qxb4 Qxe5 32.
Rbd2 Be6 33. e3 h5 34. Qd6 Qf5 35. Bd5 Re8 36. Bxe6+ Rxe6 37. Qd5 Qg4 38. Qd8+ Kh7 39. Qd7 h4 40. Rd6 hxg3 41. Qxe6 gxf2+ 42. Kxf2 Qh4+ 43.
Ke2 Qh2+ 44. Kd3 Qb2 45. Qf5+ 1-0

[Event "*** MasterClass Titled Tuesday Blitz"]
[Site "Chess.com"]
[Date "2017.08.01"]
[Round "6"]
[White "Chess64Surfer"]
[Black "pawnwonder"]
[Result "1-0"]
[WhiteElo "2038"]
[BlackElo "1868"]
[TimeControl "180+2"]
[EndTime "14:18:35 PDT"]
[Termination "Chess64Surfer won by resignation"]

1. d4 Nf6 2. Nf3 g6 3. Bg5 Bg7 4. e3 h6 5. Bh4 g5 6. Bg3 Nh5 7. Bd3 d6 8. Nbd2 Nc6 9. c3 Nxg3 10. hxg3 Bg4 11. Qb3 Na5 12. Qa4+ c6 13. b4 Nc4 14. Bxc4 b5 15. Bxb5 cxb5 16. Qxb5+ Bd7 17. Qd3 Rc8 18. O-O Qb6 19. a4 a5 20. b5 O-O 21. c4 Rfd8 22. Rac1 e5 23. Rfd1 f5 24. Qb3 Be6 25. d5 Bf7 26. e4 fxe4 27. Nxe4 Bg6 28. Nfd2 Rf8 29. Qe3 Qxe3 30. fxe3 Rfd8 31. Rf1 Rd7 32. Nf6+ Bxf6 33. Rxf6 Kg7 34. Rcf1 Bd3 35. R1f2 Bxc4 36. Ne4 Bxd5 37. Nxd6 Rc1+ 38. Kh2 Rcc7 39. Ne8+ Kh7 40. Nxc7 Rxc7 41. b6 Rb7 42. Rc2 1-0